 Dungeon Crawl Stone Soup version 0.22-a0-268-g1cc83efe17 (webtiles) character file.

37 RedPan the Insei (level 3, -1/29 HPs)
             Began as a Demonspawn Monk on Mar 9, 2018.
             Slain by a sky beast (5 damage)
             ... on level 2 of the Dungeon.
             The game lasted 00:01:46 (1334 turns).

RedPan the Insei (Demonspawn Monk)                  Turns: 1334, Time: 00:01:47

Health: -1/29      AC: 10    Str: 12    XL:     3   Next: 23%
Magic:  3/3        EV: 12    Int: 11    God:
Gold:   47         SH:  0    Dex: 15    Spells: 2/2 levels left

rFire    . . .     SeeInvis .     - Unarmed
rCold    . . .     Gourm    .   (no shield)
rNeg     . . .     Faith    .   i - +0 leather armour
rPois    .         Spirit   .   (no helmet)
rElec    .         Reflect  .   (no cloak)
rCorr    .         Harm     .   (no gloves)
MR       .....                  f - +0 pair of boots
Stlth    +.........             (no amulet)
HPRegen  0.09/turn              (no ring)
MPRegen  0.08/turn              (no ring)

@: sanguine armour, heavily drained
A: hooves 1, sanguine armour 1
a: no special abilities


You were on level 2 of the Dungeon.
You were not hungry.

You visited 1 branch of the dungeon, and saw 2 of its levels.

You collected 47 gold pieces.

Inventory:

Armour
 f - a +0 pair of boots (worn)
 i - a +0 leather armour (worn)
Jewellery
 c - an uncursed amulet of harm
Scrolls
 e - a scroll of remove curse {unknown}
 g - 2 scrolls of teleportation {unknown}
Potions
 d - a potion of curing {unknown}
Comestibles
 a - 3 chunks of flesh
 b - 4 rations


   Skills:
 + Level 3.3(2.1) Fighting
 + Level 3.0(1.8) Dodging
 - Level 1.7(0.5) Stealth
 * Level 3.4(2.1) Unarmed Combat


You had 2 spell levels left.
You didn't know any spells.

Dungeon Overview and Level Annotations

Branches:
Dungeon (2/15)

Altars:


Innate Abilities, Weirdness & Mutations

You have large cloven feet.
When seriously injured, your bleeding wounds create armour. (AC +6)


Message History

You kill the kobold!
The sky beast flickers out of sight!
Deactivating autopickup; reactivate with Ctrl-A.
Items here: ( )) † a short sword; 5 stones; an enchanted dagger; a kobold corpse You barely miss something.
Something hits you but does no damage.
You miss something. Something hits you but does no damage.
You miss something. Something hits you but does no damage.
You miss something. Something hits you but does no damage.
You completely miss something. Something hits you. Something shocks you.
You hit something. Something hits you but does no damage.
You miss something. Something hits you but does no damage.
You closely miss something. Something barely misses you.
You miss something. Something hits you. Something shocks you.
* * * LOW HITPOINT WARNING * * *
You hit something. Something hits you but does no damage.
You miss something. Something hits you.
* * * LOW HITPOINT WARNING * * *
Something shocks you.
You die...

#.# #.# #
#.# #. #.#
#.##÷####...
#.........#
#.##.#####.#
#. #)# # #@#
#{# ###.#
####...##.#
#<.%.# #.#
#..S#...#...
.......
....#
###.g.###
#.# ##.##


There were no monsters in sight!

Vanquished Creatures
  2 adders
  A dart slug (D:1)
  A leopard gecko (D:2)
  2 bats (D:1)
  A giant cockroach (D:1)
  2 goblins
  3 hobgoblins
  2 kobolds
  2 rats (D:1)
16 creatures vanquished.

Notes
Turn   | Place    | Note
-------+----------+-------------------------------------------
     0 | D:1      | RedPan the Demonspawn Monk began the quest for the Orb.
     0 | D:1      | Reached XP level 1. HP: 18/18 MP: 1/1
   482 | D:1      | Gained mutation: You have large cloven feet. [demonic ancestry]
   482 | D:1      | Reached XP level 2. HP: 24/24 MP: 2/2
  1180 | D:2      | Gained mutation: When seriously injured, your bleeding wounds create armour. (AC +6) [demonic ancestry]
  1180 | D:2      | Reached XP level 3. HP: 20/29 MP: 3/3
  1320 | D:2      | Noticed a sky beast
  1334 | D:2      | Slain by a sky beast

Vault maps used:
D:1:      minmay_arrival_five_plusses, amethyst_killhole, minivault_19

Skill      XL: |  1  2 |
---------------+-------+-----
Unarmed Combat | 3 |  3.4
Dodging        | 3 |  3.0
Fighting       | |  3.3
Stealth        | |  1.7

Action                   || total
-------------------------++-------
Melee: Unarmed           ||    81
 Stab: Sleeping          ||     2
  Eat: Chunk             ||     1
Armor: Robe              ||     8
       Leather armour    ||    14
Dodge: Dodged            ||    44

Table legend:
 A = Spawn XP
 B = Non-spawn XP
 C = Spawn XP percentage of total XP
 D = Spawn monster count
 E = Non-spawn monster count
 F = Spawn count percentage of total count
 G = Total turns spent on level
                    A         B        C        D         E        F      G
               +---------+---------+-------+---------+---------+-------+---------
         Total |       0 |      54 |   0.0 |       0 |      16 |   0.0 |  1334
               +---------+---------+-------+---------+---------+-------+---------
           D:1 |       0 |      31 |   0.0 |       0 |      11 |   0.0 |  1141
           D:2 |       0 |      23 |   0.0 |       0 |       5 |   0.0 |   193
               +---------+---------+-------+---------+---------+-------+---------
